 Dungeon Crawl Stone Soup version 0.21-a0-338-g36cf2fc (webtiles) character file.

25184 Hasart the Summoner (level 13, -14/72 HPs)
             Began as a Kobold Summoner on Oct 3, 2017.
             Was a High Priest of Sif Muna.
             Shot with an arrow by Nessos (20 damage)
             ... on level 6 of the Lair of Beasts.
             The game lasted 01:22:42 (21979 turns).

Hasart the Summoner (Kobold Summoner)              Turns: 21979, Time: 01:22:43

Health: -14/72     AC:  8    Str:  7    XL:     13   Next: 48%
Magic:  6/27       EV: 22    Int: 24    God:    Sif Muna [*****.]
Gold:   647        SH:  0    Dex: 18    Spells: 20/33 levels left

rFire    + . .     SeeInvis .   K - +2 short sword (elec)
rCold    + . .     Gourm    .   (shield restricted)
rNeg     . . .     Faith    .   N - +2 troll leather armour
rPois    .         Spirit   .   s - +0 helmet
rElec    .         Reflect  .   j - scarf {rC+ rF+}
rCorr    .         Harm     .   d - +0 pair of gloves {Dex+3}
MR       .....                  (no boots)
Stlth    ++........             q - amulet of regeneration
HPRegen  1.02/turn              r - +4 ring of intelligence
MPRegen  0.20/turn              A - ring of wizardry

@: lethally poisoned (-14 -> -16), very slightly contaminated
A: carnivore 3
a: Divine Energy, Channel Magic, Forget Spell, Renounce Religion


You were on level 6 of the Lair of Beasts.
You worshipped Sif Muna.
Sif Muna was extremely pleased with you.
You were completely stuffed.

You visited 4 branches of the dungeon, and saw 19 of its levels.

You collected 1598 gold pieces.
You spent 951 gold pieces at shops.

Inventory:

Hand Weapons
 o - a +4 dagger of venom
 K - a +2 short sword of electrocution (weapon)
Armour
 d - a +0 pair of gloves of dexterity (worn)
 j - a scarf of resistance (worn)
 s - a +0 helmet (worn)
 E - a +1 leather armour of fire resistance
 N - a +2 troll leather armour (worn)
Jewellery
 q - an amulet of regeneration (around neck)
 r - a +4 ring of intelligence (left hand)
 u - an uncursed ring of protection from cold
 A - a ring of wizardry (right hand)
 B - an uncursed ring of see invisible
 I - a +6 ring of protection
Wands
 g - a wand of acid (9/15)
 p - a wand of digging (12/24)
 C - a wand of iceblast (11/15)
 G - a wand of disintegration (10/24)
Scrolls
 a - 2 scrolls of remove curse
 e - 11 scrolls of identify
 f - 2 scrolls of teleportation
 x - a scroll of immolation
Potions
 i - 3 potions of magic
 k - 3 potions of agility
 m - 2 potions of lignification
 n - 2 potions of might
 t - 2 potions of heal wounds
 w - 3 potions of curing
 F - a potion of flight
Books
 b - a book of Callings

   Spells                             Type                      Level
   a - Summon Small Mammal            Summoning                    1
   b - Call Imp                       Summoning                    2
   c - Call Canine Familiar           Summoning                    3
   d - Summon Guardian Golem          Hexes/Summoning              3
   e - Summon Lightning Spire         Summoning/Air                4
   f - Summon Ice Beast               Ice/Summoning                4
 l - a book of Party Tricks

   Spells                             Type                      Level
   a - Summon Butterflies             Summoning                    1
   b - Apportation                    Translocation                1
   c - Lesser Beckoning               Translocation                3
   d - Tukima's Dance                 Hexes                        3
   e - Alistair's Intoxication        Transmutation/Poison         5
   f - Invisibility                   Hexes                        6
 D - Sif Muna's Guide on Aerial Creation
   (Sif Muna gifted it to you on level 5 of the Lair of Beasts)

   Spells                             Type                      Level
   a - Static Discharge               Conjuration/Air              3
   b - Mephitic Cloud                 Conjuration/Poison/Air       3
   c - Summon Lightning Spire         Summoning/Air                4
   d - Haunt                          Necromancy/Summoning         7
   e - Summon Horrible Things         Summoning                    8
 J - a book of Changes

   Spells                             Type                      Level
   a - Beastly Appendage              Transmutation                1
   b - Sticks to Snakes               Transmutation                2
   c - Spider Form                    Transmutation/Poison         3
   d - Ice Form                       Ice/Transmutation            4
   e - Blade Hands                    Transmutation                5
Comestibles
 c - 8 meat rations
 h - 6 royal jellies


   Skills:
 - Level 5.0 Fighting
 - Level 4.1 Short Blades
 - Level 10.6 Dodging
 - Level 2.6 Stealth
 + Level 10.9 Spellcasting
 * Level 11.7 Summonings
 - Level 6.0 Ice Magic
 - Level 7.0 Air Magic
 - Level 7.7 Invocations


You had 20 spell levels left.
You knew the following spells:

 Your Spells              Type           Power        Failure   Level  Hunger
a - Mephitic Cloud        Conj/Pois/Air  ###.....     3%          3    None
b - Summon Lightning Spi  Summ/Air       ######..     1%          4    None
c - Summon Ice Beast      Ice/Summ       ######..     1%          4    None
d - Call Imp              Summ           ######..     1%          2    None


Dungeon Overview and Level Annotations

Branches:
Dungeon (10/15) Temple (1/1) D:7 Lair (6/6) D:9 Swamp (0/4) Lair:2 Spider (0/4) Lair:4 Slime (0/5) Lair:5 Orc (2/2) D:10 Elf (0/3) Orc:1 Orc:2

Altars:
Ashenzari
Cheibriados
Dithmenos
Elyvilon
Fedhas
Gozag
Hepliaklqana
Kikubaaqudgha
Makhleb
Nemelex Xobeh
Okawaru
Qazlal
Ru
Sif Muna
Trog
Uskayaw
Vehumet
Wu Jian
Xom
Yredelemnul
Zin
The Shining One
Beogh

Shops:
D:8 *   Orc:2 ?*}=*

Annotations:
D:3 p0werm0de's ghost, amateur KoCK
D:9 Erica; Erolcha
Lair:6 Nessos


Innate Abilities, Weirdness & Mutations

You are small and have problems with some larger weapons.
You are carnivorous and can eat meat at any time.


Message History

The spiny frog seems to slow down.
The spiny frog stings your ice beast.
Your ice beast completely misses the spiny frog.
Your ice beast barely misses the spiny frog.
The spiny frog is no longer moving slowly.
Your ice beast barely misses the spiny frog.
Your ice beast hits the spiny frog but does no damage.
Nessos wields an uncursed longbow of flaming.
It bursts into flame!
Nessos shoots an arrow.
The arrow hits you!
* * * LOW HITPOINT WARNING * * *
The arrow burns you.
You are poisoned.
* * * LOW HITPOINT WARNING * * *
You see here an arrow.
You feel sick.
Nessos blinks!
You swap places.
You feel sick.
Nessos shoots an arrow.
The arrow hits your ice beast! The arrow melts your ice beast.
Your ice beast dies!
Nessos shoots an arrow.
The arrow hits you!!
You die...

##...# #... ### ##...#
##... #P.###...# #....
#P.....## ##....
###......###.....
###......8.........
#######....8.............
###.......Y.....8..........
..........@8F..............
..........Y.......8........
...........................
.................c.........
...........................
..........................Y
...................%..8.(..
.......................(.Y.
?PP.......##.#.......(Y(...


You could see Nessos, a spiny frog and 2 friendly ice beasts.

Vanquished Creatures
  An orc knight (Orc:1)
  2 orc sorcerers (Orc:2)
  3 elephants
  A spiny frog (Lair:1)
  A komodo dragon (Lair:5)
  A polar bear (Lair:4)
  2 blink frogs (Lair:2)
  Sigmund (D:4)
  2 wyverns
  3 yaks
  A warg (Orc:1)
  3 water moccasins
  7 porcupines
  Duvessa (D:4)
  11 orc warriors
  2 black bears
  3 ice beasts
  2 wolves (Lair:4)
  2 ogres
  4 crocodiles
  2 big kobolds
  15 bullfrogs
  8 scorpions
  A water moccasin skeleton (D:8)
  A killer bee (D:9)
  4 howler monkeys (D:10)
  4 crimson imps
  A quasit (D:8)
  A centaur zombie (D:5)
  2 hounds (D:10)
  14 orc wizards
  9 orc priests
  A bullfrog skeleton (D:4)
  Terence (D:2)
  6 worker ants
  2 hound skeletons
  A howler monkey zombie (D:7)
  9 adders
  3 shadow imps
  A white imp (D:5)
  2 adder skeletons
  An adder zombie (D:6)
  8 worms
  5 leopard geckos
  45 orcs
  A ball python (D:1)
  4 bats
  5 giant cockroaches
  7 goblins
  A hobgoblin (D:3)
  12 jackals
  6 kobolds
  4 quokkas
  5 frilled lizards
  2 quokka zombies
  7 rats
254 creatures vanquished.

Vanquished Creatures (collateral kills)
  An orc warlord (Orc:2)
  An ettin (Orc:1)
  Snorg (Orc:2)
  5 hydras
  A catoblepas (Lair:6)
  2 two-headed ogres
  3 orc high priests (Orc:2)
  3 orc sorcerers
  4 orc knights (Orc:2)
  An oklob plant (Lair:6)
  Maurice (Orc:1)
  2 black mambas (Lair:4)
  5 elephants
  A torpor snail (Lair:4)
  The ghost of p0werm0de the Skirmisher, a novice FoCK of Xom (D:6)
  2 spiny frogs
  3 komodo dragons
  3 polar bears (Lair:4)
  2 trolls
  6 blink frogs (Lair:2)
  3 slime creatures (Lair:5)
  5 hippogriffs
  A shadow (D:10)
  14 yaks
  3 wyverns
  4 basilisks
  3 swamp worms (Lair:2)
  3 wargs (Orc:1)
  Edmund (D:6)
  2 water moccasins
  A porcupine (Lair:1)
  2 phantoms
  A necrophage (D:7)
  21 orc warriors
  5 ogres
  2 wolves (Lair:4)
  A centaur (D:9)
  5 crocodiles
  Blork the orc (D:4)
  2 bullfrogs
  Dowan (D:4)
  2 killer bees (D:9)
  4 wights (D:7)
  3 howler monkeys (D:8)
  An electric eel (Lair:5)
  A bullfrog zombie (D:10)
  A centaur zombie (D:8)
  2 jellies
  15 orc priests
  A bullfrog skeleton (D:8)
  A centaur skeleton (D:6)
  16 orc wizards
  A worker ant zombie (D:10)
  An adder (D:10)
  A leopard gecko (D:6)
  52 orcs
  2 jackals (D:8)
  A fungus (Lair:2)
234 creatures vanquished.

Vanquished Creatures (others)
  A fungus (Lair:3)
  4 plants
5 creatures vanquished.

Grand Total: 493 creatures vanquished

Notes
Turn   | Place    | Note
-------+----------+-------------------------------------------
     0 | D:1      | Hasart the Kobold Summoner began the quest for the Orb.
     0 | D:1      | Reached XP level 1. HP: 10/10 MP: 3/3
   495 | D:1      | Reached XP level 2. HP: 10/15 MP: 5/5
   515 | D:1      | Learned a level 2 spell: Call Imp
  1527 | D:2      | Reached XP level 3. HP: 19/19 MP: 6/6
  1690 | D:2      | Reached skill level 5 in Summonings
  1746 | D:2      | Noticed Terence
  1759 | D:2      | Killed Terence
  1759 | D:2      | Reached XP level 4. HP: 23/24 MP: 7/7
  2434 | D:3      | Reached skill level 1 in Short Blades
  2489 | D:3      | Noticed p0werm0de's ghost (amateur KoCK)
  2635 | D:4      | Reached skill level 6 in Summonings
  2635 | D:4      | Reached XP level 5. HP: 27/28 MP: 8/8
  2641 | D:4      | Learned a level 4 spell: Summon Lightning Spire
  2692 | D:4      | Found an ornate altar of the Wu Jian Council.
  2788 | D:4      | Reached skill level 1 in Air Magic
  2813 | D:4      | Noticed Blork the orc
  2825 | D:4      | Killed Blork the orc
  2825 | D:4      | Reached XP level 6. HP: 6/32 MP: 5/9
  2960 | D:4      | Found an iron altar of Okawaru.
  2982 | D:4      | Noticed Sigmund
  3018 | D:5      | Entered Level 5 of the Dungeon
  3078 | D:5      | Reached XP level 7. HP: 30/36 MP: 7/10
  3777 | D:5      | Reached skill level 7 in Summonings
  3905 | D:4      | Noticed Dowan
  3985 | D:4      | Killed Sigmund
  3985 | D:4      | Reached skill level 5 in Air Magic
  3985 | D:4      | Reached XP level 8. HP: 19/41 MP: 8/11
  4055 | D:4      | Noticed Duvessa
  4062 | D:4      | Killed Dowan
  4073 | D:4      | Killed Duvessa
  4530 | D:3      | Learned a level 4 spell: Summon Ice Beast
  4585 | D:6      | Noticed p0werm0de's ghost (novice FoCK)
  4791 | D:6      | Reached skill level 1 in Ice Magic
  5055 | D:6      | Noticed Edmund
  5067 | D:6      | Killed Edmund
  5263 | D:7      | Found a staircase to the Ecumenical Temple.
  5312 | Temple   | Entered the Ecumenical Temple
  5391 | Temple   | Became a worshipper of Sif Muna the Loreminder
  5436 | D:7      | Found a white marble altar of Elyvilon.
  5467 | D:7      | Identified a scroll of acquirement
  5522 | D:7      | Reached XP level 9. HP: 27/45 MP: 12/12
  5615 | D:7      | Found a shadowy altar of Dithmenos.
  5729 | D:7      | Found a shimmering altar of Xom.
  5741 | D:7      | Found a shattered altar of Ashenzari.
  5744 | D:7      | Found a sacrificial altar of Ru.
  5747 | D:7      | Found a glowing silver altar of Zin.
  5819 | D:7      | Found a stormy altar of Qazlal.
  5819 | D:7      | Found an iron altar of Okawaru.
  5917 | D:7      | Reached skill level 1 in Fighting
  6246 | D:8      | Reached skill level 5 in Dodging
  6246 | D:8      | Reached skill level 5 in Ice Magic
  6395 | D:8      | Reached * piety under Sif Muna
  6502 | D:8      | Noticed a two-headed ogre
  6520 | D:8      | Killed a two-headed ogre
  6950 | D:8      | Found Sired's General Store.
  6978 | D:8      | Found a glowing silver altar of Zin.
  7165 | D:9      | Noticed a two-headed ogre
  7404 | D:9      | Noticed a two-headed ogre
  7421 | D:8      | Reached skill level 1 in Invocations
  7519 | D:9      | Killed a two-headed ogre
  7519 | D:9      | Reached XP level 10. HP: 56/56 MP: 2/15
  7534 | D:9      | Noticed Erolcha
  7811 | D:6      | Killed p0werm0de's ghost
  7811 | D:6      | Reached ** piety under Sif Muna
  8451 | D:9      | Noticed Erica
  8471 | D:9      | Noticed a sphinx
  8690 | D:9      | Noticed a yaktaur captain
  8699 | D:10     | Entered Level 10 of the Dungeon
  9000 | D:10     | Reached skill level 5 in Spellcasting
  9000 | D:10     | Reached skill level 8 in Summonings
  9196 | D:10     | Reached *** piety under Sif Muna
  9255 | D:10     | Found a staircase to the Orcish Mines.
 10112 | D:9      | Found a staircase to the Lair.
 10127 | Lair:1   | Entered Level 1 of the Lair of Beasts
 10647 | Lair:1   | Noticed a komodo dragon
 10647 | Lair:1   | Noticed a komodo dragon
 10670 | Lair:1   | Killed a komodo dragon
 10670 | Lair:1   | Reached XP level 11. HP: 46/60 MP: 5/20
 11540 | Lair:2   | Noticed a seven-headed hydra
 11547 | Lair:2   | Killed a seven-headed hydra
 11796 | Lair:2   | Reached skill level 5 in Invocations
 12155 | Lair:2   | Reached **** piety under Sif Muna
 12155 | Lair:2   | Reached skill level 9 in Summonings
 12398 | Lair:2   | Found a staircase to the Swamp.
 13859 | Lair:4   | Noticed a six-headed hydra
 14101 | Lair:4   | Noticed an elephant
 14129 | Lair:4   | Noticed an elephant
 14218 | Lair:4   | Found a hole to the Spider Nest.
 14660 | Lair:4   | Reached XP level 12. HP: 63/64 MP: 21/24
 15472 | Lair:5   | Noticed a seven-headed hydra
 15490 | Lair:5   | Killed a seven-headed hydra
 15563 | Lair:5   | Noticed an eight-headed hydra
 15576 | Lair:5   | Killed an eight-headed hydra
 15652 | Lair:5   | Noticed a four-headed hydra
 15665 | Lair:5   | Killed a four-headed hydra
 15776 | Lair:5   | Killed a six-headed hydra
 15793 | Lair:5   | Reached ***** piety under Sif Muna
 15960 | Lair:5   | Identified Sif Muna's Guide on Aerial Creation (Sif Muna gifted it to you on level 5 of the Lair of Beasts)
 15960 | Lair:5   | Received a gift from Sif Muna
 15976 | Lair:5   | Learned a level 3 spell: Mephitic Cloud
 15984 | Lair:5   | Found a blossoming altar of Fedhas.
 16479 | Lair:5   | Found a staircase to the Slime Pits.
 16777 | Lair:6   | Entered Level 6 of the Lair of Beasts
 16777 | Lair:6   | Noticed a death yak
 16777 | Lair:6   | Noticed a death yak
 16777 | Lair:6   | Noticed a death yak
 17125 | Orc:1    | Entered Level 1 of the Orcish Mines
 17125 | Orc:1    | Found a roughly hewn altar of Beogh.
 17136 | D:10     | Reached skill level 10 in Summonings
 17464 | Orc:1    | Reached skill level 10 in Dodging
 17593 | Orc:2    | Entered Level 2 of the Orcish Mines
 17593 | Orc:2    | Found a staircase to the Elven Halls.
 17593 | Orc:2    | Found a radiant altar of Vehumet.
 17835 | Orc:2    | Noticed Maurice
 17840 | Orc:1    | Found a roughly hewn altar of Beogh.
 17927 | Orc:1    | Noticed an ettin
 17936 | Orc:1    | Killed an ettin
 18088 | Orc:2    | Found Tomus's Assorted Antiques.
 18365 | Orc:1    | Noticed a sixfirhy
 18474 | Orc:1    | Killed Maurice
 18474 | Orc:1    | Reached skill level 10 in Spellcasting
 18722 | Orc:2    | Bought a scroll of teleportation for 87 gold pieces
 18722 | Orc:2    | Bought a pair of runed gloves for 217 gold pieces
 18877 | Orc:2    | Noticed Snorg
 18907 | Orc:2    | Killed Snorg
 19165 | Orc:2    | Noticed an orc warlord
 19208 | Orc:1    | HP: 3/67 [orc warrior/long sword (21)]
 19233 | Orc:1    | HP: 1/67 [orc warrior/tomahawk (13)]
 19369 | Orc:1    | Reached XP level 13. HP: 44/72 MP: 23/27
 19686 | Orc:2    | Killed an orc warlord
 20135 | Orc:2    | Reached skill level 5 in Fighting
 20500 | Orc:2    | Received a gift from Sif Muna
 20530 | Orc:2    | Reached skill level 11 in Summonings
 20795 | Orc:2    | Found Qomisutinn's Magic Scroll Boutique.
 20795 | Orc:2    | Found Zeecleoja's Jewellery Emporium.
 20797 | Orc:2    | Found Nuango's Assorted Antiques.
 20797 | Orc:2    | Found Sedidet's Gadget Emporium.
 20803 | Orc:2    | Bought a scroll of teleportation for 42 gold pieces
 20803 | Orc:2    | Bought a scroll of blinking for 105 gold pieces
 21007 | Orc:2    | Bought a glowing hat for 203 gold pieces
 21040 | Orc:2    | Bought a +4 ring of intelligence for 297 gold pieces
 21806 | Lair:6   | Noticed a catoblepas
 21831 | Lair:6   | Killed a catoblepas
 21946 | Lair:6   | Noticed Nessos
 21979 | Lair:6   | Shot with an arrow by Nessos

Vault maps used:
D:1:      nicolae_arrival_memento_mori, minivault_27, minmay_crystal_water
D:2:      guppyfry_early_lair_pool, uniq_terence
D:3:      first_bread
D:4:      lemuel_crystal_altar, okawaru_metal_pillars_1_2, uniq_sigmund,
          uniq_blork_the_orc, uniq_duvessa
D:5:      minmay_fire_ice_demons
D:6:      uniq_edmund
D:7:      old_standard_altar, nicolae_dithmenos_the_darkroom,
          grunt_temple_overflow_cloverleaf, amethyst_overflow_temple_binary,
          minmay_temple_entry_large_hall
D:8:      serial_shops, shop, basic_altar
D:9:      minmay_the_grid_3x2, uniq_grum, uniq_erolcha, uniq_erica
D:10:     hiddenorc1_lemuel
Temple:   cyrus_circular_temple
Lair:1:   serial_bayou_pond_a, minmay_holes, minivault_24
Lair:2:   nicolae_swamp_entry_splash_gauntlet
Lair:4:   nicolae_spider_entry_non_spiders, beast_lair_carwin_4
Lair:5:   minmay_slime_entry_pillars, basic_altar, grunt_megastairs_2,
          infiniplex_staircase_pool
Lair:6:   evilmike_catoblepas_cave, dpeg_stationary_puzzle, grunt_megastairs_5,
          uniq_nessos
Orc:1:    basic_altar, nicolae_orc_lost_temple
Orc:2:    grunt_orc_tribal_feast, serial_shops, nicolae_shop_overgrown_old_shop,
          basic_altar, uniq_snorg, uniq_maurice

Skill      XL: |  1  2  3  4  5  6  7  8  9 10 11 12 13 |
---------------+----------------------------------------+-----
Summonings     | 5 6 7 8 9 10 11 | 11.7
Short Blades   | 2 3 4 |  4.1
Air Magic      | 2 3 5 6 7 |  7.0
Ice Magic      | 4 6 |  6.0
Dodging        | 4 6 7 9 10 | 10.6
Fighting       | 3 4 5 |  5.0
Invocations    | 1 4 6 7 |  7.7
Spellcasting   | 3 6 8 10 | 10.9
Stealth        | |  2.6

Action                   |  1- 3 |  4- 6 |  7- 9 | 10-12 | 13-15 || total
-------------------------+-------+-------+-------+-------+-------++-------
Melee: Hand axe          |    74 |       |       |       |       ||    74
       Unarmed           |     5 |       |       |       |       ||     5
       Dagger            |    14 |   128 |   443 |   588 |       ||  1173
       Short sword       |       |       |       |   132 |    99 ||   231
 Cast: Call Imp          |       |     3 |    10 |     3 |       ||    16
       Summon Lightning  |       |     1 |    18 |    72 |    20 ||   111
       Summon Ice Beast  |       |       |     7 |   159 |    59 ||   225
Evoke: Wand              |       |       |       |     2 |     1 ||     3
  Use: Scroll            |       |       |    14 |    14 |     4 ||    32
       Potion            |       |       |     8 |     7 |     2 ||    17
 Stab: Sleeping          |     6 |     2 |     5 |     6 |     1 ||    20
       Distracted        |       |       |     2 |     4 |     3 ||     9
       Invisible         |       |       |       |     2 |       ||     2
       Petrified         |       |       |       |       |     1 ||     1
  Eat: Chunk             |    11 |     4 |    18 |    63 |    11 ||   107
Armor: Robe              |    23 |    11 |    66 |       |       ||   100
       Leather armour    |       |       |    35 |   105 |       ||   140
       Skin              |       |       |       |    21 |       ||    21
       Troll leather arm |       |       |       |       |    23 ||    23
Dodge: Dodged            |    92 |    77 |   314 |   741 |   116 ||  1340

Table legend:
 A = Spawn XP
 B = Non-spawn XP
 C = Spawn XP percentage of total XP
 D = Spawn monster count
 E = Non-spawn monster count
 F = Spawn count percentage of total count
 G = Total turns spent on level
                    A         B        C        D         E        F      G
               +---------+---------+-------+---------+---------+-------+---------
         Total |       0 |   35978 |   0.0 |       0 |     487 |   0.0 | 21979
               +---------+---------+-------+---------+---------+-------+---------
           D:1 |       0 |      28 |   0.0 |       0 |      17 |   0.0 |  1512
           D:2 |       0 |      73 |   0.0 |       0 |      13 |   0.0 |   876
           D:3 |       0 |      44 |   0.0 |       0 |       9 |   0.0 |   348
           D:4 |       0 |     577 |   0.0 |       0 |      23 |   0.0 |   955
           D:5 |       0 |     441 |   0.0 |       0 |      18 |   0.0 |  1050
           D:6 |       0 |     702 |   0.0 |       0 |      16 |   0.0 |   941
           D:7 |       0 |     811 |   0.0 |       0 |      30 |   0.0 |  1128
           D:8 |       0 |    1355 |   0.0 |       0 |      33 |   0.0 |  1103
           D:9 |       0 |    1569 |   0.0 |       0 |      31 |   0.0 |   818
          D:10 |       0 |    2157 |   0.0 |       0 |      57 |   0.0 |  1654
        Lair:1 |       0 |    1067 |   0.0 |       0 |       9 |   0.0 |  1404
        Lair:2 |       0 |    2935 |   0.0 |       0 |      19 |   0.0 |  1224
        Lair:3 |       0 |    1903 |   0.0 |       0 |      17 |   0.0 |  1126
        Lair:4 |       0 |    3789 |   0.0 |       0 |      32 |   0.0 |  1735
        Lair:5 |       0 |    5106 |   0.0 |       0 |      30 |   0.0 |  1828
        Lair:6 |       0 |    2396 |   0.0 |       0 |       9 |   0.0 |   388
         Orc:1 |       0 |    3963 |   0.0 |       0 |      58 |   0.0 |  1839
         Orc:2 |       0 |    7062 |   0.0 |       0 |      66 |   0.0 |  1959
               +---------+---------+-------+---------+---------+-------+---------
